 Dungeon Crawl Stone Soup version 0.19-a0-1626-g5215c36 (webtiles) character file.

98 Amnesiac the Conjurer (level 4, 30/30 HPs)
             Began as a Mummy Wizard on Sept 18, 2016.
             Was an Initiate of Dithmenos (penitent).
             Quit the game on level 3 of the Dungeon.
             The game lasted 00:07:13 (3087 turns).

Amnesiac the Conjurer (Mummy Wizard)                Turns: 3087, Time: 00:07:14

Health: 30/30      AC:  2    Str: 10    XL:     4   Next: 43%
Magic:  2/8        EV: 12    Int: 18    God:    Dithmenos [*]
Gold:   107        SH:  0    Dex: 10    Spells: 4 memorised, 0 levels left

rFire  x . .     SeeInvis .     d - +0 short sword
rCold  + . .     Gourm    .     a - +0 robe
rNeg   + + +     Faith    .     (no shield)
rPois  ∞         Spirit   .     b - +0 hat
rElec  .         Dismiss  .     (no cloak)
rCorr  .         Reflect  .     (no gloves)
MR     .....     Harm     .     (no boots)
Stlth  ++........               (no amulet)
                                (no ring)
                                (no ring)

@: very slightly contaminated, repel missiles
A: no food or potions, fire vulnerability, cold resistance 1, negative energy
resistance 3, torment resistance, unbreathing
a: Renounce Religion


You were on level 3 of the Dungeon.
You worshipped Dithmenos.
Dithmenos was demanding penance.
You were not hungry.

You visited 1 branch of the dungeon, and saw 4 of its levels.

You collected 107 gold pieces.

Inventory:

Hand Weapons
 d - a +0 short sword (weapon)
Armour
 a - a +0 robe (worn)
 b - a +0 hat (worn)
Jewellery
 n - a +3 amulet of reflection {unknown}
Wands
 m - a wand of hasting (4/9)
Scrolls
 e - a scroll of magic mapping {unknown}
 f - 3 scrolls of identify {unknown}
 g - a scroll of fog {unknown}
 h - a scroll of amnesia {unknown}
 i - a scroll of teleportation {unknown}
 j - a scroll of fear {unknown}
 k - 3 scrolls of enchant armour {unknown}
 l - 3 scrolls of remove curse {unknown}
Books
 c - a book of Minor Magic

   Spells                             Type                      Level
   a - Magic Dart                     Conjuration                  1
   b - Blink                          Translocation                2
   c - Call Imp                       Summoning                    2
   d - Repel Missiles                 Charms/Air                   2
   e - Slow                           Hexes                        2
   f - Conjure Flame                  Conjuration/Fire             3
   g - Mephitic Cloud                 Conjuration/Poison/Air       3


   Skills:
 - Level 1.5 Dodging
 - Level 1.5 Stealth
 - Level 3.0 Spellcasting
 + Level 3.5 Conjurations
   Level 0.7 Summonings
   Level 0.7 Translocations


You couldn't memorise any spells.
You knew the following spells:

 Your Spells              Type           Power        Failure   Level  Hunger
a - Repel Missiles        Chrm/Air       #.....       28%         2    N/A
e - Mephitic Cloud        Conj/Pois/Air  #.......     34%         3    N/A
s - Conjure Flame         Conj/Fire      #.......     24%         3    N/A
z - Magic Dart            Conj           ###.         4%          1    N/A

Dungeon Overview and Level Annotations

Branches:
Dungeon (4/15)
 Temple: D:4-7

Altars:
Dithmenos

Annotations:
D:3 crawlian's ghost, amateur DEFE


Innate Abilities, Weirdness & Mutations

You do not eat or drink.
Your flesh is vulnerable to fire.
You are immune to poison.
Your flesh is cold resistant. (rC+)
You are immune to negative energy. (rN+++)
You are immune to unholy pain and torment.
You can survive without breathing.


Message History

Casting: Conjure Flame
Confirm with . or Enter, or press ? or * to list all spells.
Aiming: Conjure Flame
Press: ? - help, Dir - move target cursor You miscast Conjure Flame.
You are very lightly contaminated with residual magic.
Nothing appears to happen.
Crawlian's ghost turns its malevolent gaze towards you.
An adder comes into view.
Crawlian's ghost casts a spell at you. The flame tongue misses you.
The adder moves out of view.
Casting: Conjure Flame
Confirm with . or Enter, or press ? or * to list all spells.
Aiming: Conjure Flame
Press: ? - help, Dir - move target cursor Dithmenos does not appreciate your starting fires!
You feel very guilty. "You will pay for your transgression, mortal!"
The fire roars!
Are you sure you want to abandon this character and quit the game? (Confirm with "yes".)

..#..# ..#..#
# #.#.(# #.
#.#..#
#.#.##.#..#
#.....?...#
#...#
#.##...#######
#.$.. ..... .
## ####.# .
#.#


You could see crawlian's ghost.

Vanquished Creatures
  2 adders (D:2)
  An ooze (D:2)
  4 worms
  2 dart slugs (D:1)
  3 leopard geckos
  An orc (D:4)
  2 ball pythons
  3 bats
  4 giant cockroaches (D:1)
  11 goblins
  7 hobgoblins
  4 frilled lizards
  4 kobolds
  7 rats
55 creatures vanquished.

Notes
Turn   | Place    | Note
-------+----------+-------------------------------------------
     0 | D:1      | Amnesiac the Mummy Wizard began the quest for the Orb.
     0 | D:1      | Reached XP level 1. HP: 13/13 MP: 4/4
     9 | D:1      | Reached skill level 1 in Conjurations
   385 | D:1      | Reached XP level 2. HP: 18/19 MP: 1/6
   651 | D:2      | Found a faded altar of an unknown god.
  1163 | D:2      | Reached XP level 3. HP: 24/24 MP: 4/7
  1288 | D:3      | Learned a level 3 spell: Conjure Flame
  1292 | D:3      | Learned a level 3 spell: Mephitic Cloud
  1389 | D:3      | Found a shadowy altar of Dithmenos.
  1401 | D:3      | Became a worshipper of Dithmenos the Shadowed
  2285 | D:2      | HP: 1/24 [kobold (3)]
  2338 | D:2      | Reached XP level 4. HP: 6/30 MP: 3/8
  2847 | D:2      | Reached * piety under Dithmenos
  2920 | D:2      | Learned a level 2 spell: Repel Missiles
  3078 | D:3      | Noticed crawlian's ghost (amateur DEFE)
  3085 | D:3      | Was placed under penance by Dithmenos
  3087 | D:3      | Quit the game

Vault maps used:
D:1:      dpeg_arrival_shelter
D:2:      ecumenical_altar_1
D:3:      old_standard_altar, old_standard_altar,
          gammafunk_temple_overflow_elements, first_bread,
          kennysheep_slug_shrine

Skill      XL: |  1  2  3 |
---------------+----------+-----
Conjurations   | 1 2 3 |  3.5
Dodging        | |  1.5
Stealth        | |  1.5
Spellcasting   | |  3.0
Summonings     | |  0.7
Translocations | |  0.7

Action                   |  1- 3 |  4- 6 || total
-------------------------+-------+-------++-------
Melee: Unarmed           |    20 |       ||    20
       Short sword       |    48 |     9 ||    57
 Cast: Magic Dart        |   102 |    27 ||   129
       Conjure Flame     |       |     1 ||     1
       Repel Missiles    |       |     1 ||     1
Armor: Robe              |    13 |       ||    13
Dodge: Dodged            |    60 |     7 ||    67
